 Dungeon Crawl Stone Soup version 0.24-a0-475-g5b41c6f198 (webtiles) character file.

Game seed: 16195686904296214933

110 Inarius the Chucker (level 4, -3/51 HPs)
             Began as a Demonspawn Hunter on July 5, 2019.
             Was a Follower of Trog.
             Slain by an orc
             ... wielding a +0 glaive
              (13 damage)
             ... on level 3 of the Dungeon.
             The game lasted 00:03:38 (2780 turns).

Inarius the Chucker (Demonspawn Hunter)             Turns: 2780, Time: 00:03:39

Health: -3/51      AC:  5    Str: 22    XL:     4   Next: 61%
Magic:  4/4        EV: 12    Int: 12    God:    Trog [*.....]
Gold:   116        SH:  0    Dex: 14    Spells: 3/3 levels left

rFire    + . .     SeeInvis .   q - +0 hand axe
rCold    + . .     Gourm    +   (no shield)
rNeg     . . .     Faith    .   k - +0 ring mail
rPois    .         Spirit   .   (no helmet)
rElec    .         Reflect  .   (no cloak)
rCorr    .         Harm     .   (no gloves)
MR       .....                  (no boots)
Stlth    ..........             l - amulet of the gourmand
HPRegen  0.17/turn              h - ring of protection from fire
MPRegen  0.09/turn              o - +4 ring of strength

@: berserking (expiring), very quick
A: cold resistance 1, rot immunity
a: Berserk, Renounce Religion


You were on level 3 of the Dungeon.
You worshipped Trog.
Trog was aware of your devotion.
You were full.

You visited 1 branch of the dungeon, and saw 3 of its levels.

You collected 116 gold pieces.

Inventory:

Hand Weapons
 q - a +0 hand axe (weapon)
Missiles
 c - 6 javelins (quivered)
 d - 2 throwing nets
Armour
 k - a +0 ring mail (worn)
Jewellery
 h - a ring of protection from fire (left hand)
 l - an amulet of the gourmand (around neck)
 o - a +4 ring of strength (right hand)
Scrolls
 b - 3 scrolls of identify {unknown}
 e - a scroll of enchant armour {unknown}
 g - 2 scrolls of remove curse {unknown}
 i - 2 scrolls of teleportation {unknown}
 j - a scroll of immolation {unknown}
Potions
 m - a potion of invisibility {unknown}
 n - a potion of agility {unknown}
 p - a potion of curing {unknown}
Comestibles
 f - 7 rations


   Skills:
 + Level 2.4 Fighting
   Level 1.0 Short Blades
 * Level 0.5 Axes
 - Level 4.1 Throwing
 + Level 2.0 Armour
 + Level 2.4 Dodging
 - Level 0.9 Stealth


You had 3 spell levels left.
You didn't know any spells.
Your spell library was empty.

Dungeon Overview and Level Annotations

Branches:
Dungeon (3/15)

Altars:
Nemelex Xobeh
Trog
Xom
Zin


Innate Abilities, Weirdness & Mutations

Your flesh is cold resistant. (rC+)
You are immune to rotting.


Message History

The orc wizard casts a spell at you. The puff of flame hits you. You resist.
* * * LOW HITPOINT WARNING * * *
Unknown command.
Unknown command.
You hit the orc wizard.
You kill the orc wizard!
Trog accepts your kill.
Trog appreciates your killing of a magic user.
Your Armour skill increases to level 2!
You completely miss the goblin. The goblin hits you but does no damage.
The orc misses you.
Unknown command.
Unknown command.
You slash the goblin!
You kill the goblin!
Trog accepts your kill.
Unknown command.
The orc hits you with a +0 glaive!
You die...

##.....(...........
......##<.#########
....#.##..##
[...#.##...## ##
....#.##.#..## ..#
#...#....##..## ##..##
..........##).###.....##
.......<...##.##........
.....รท.....##..)@o......
...........####)).......
..........## #.........
#...##...## #.........
########## #.........
#^........ #.........
#.........


You could see an orc.

Vanquished Creatures
  An orc wizard (D:3)
  2 adders (D:2)
  An ooze (D:2)
  A worm (D:2)
  A dart slug (D:3)
  A leopard gecko (D:3)
  An orc (D:3)
  7 bats
  A giant cockroach (D:1)
  9 goblins
  12 hobgoblins
  4 jackals (D:2)
  A kobold (D:3)
  A ball python (D:1)
  A frilled lizard (D:1)
  4 rats
48 creatures vanquished.

Notes
Turn   | Place    | Note
-------+----------+-------------------------------------------
     0 | D:1      | Inarius the Demonspawn Hunter began the quest for the Orb.
     0 | D:1      | Reached XP level 1. HP: 16/16 MP: 1/1
   414 | D:1      | Reached skill level 4 in Throwing
   422 | D:1      | Gained mutation: Your flesh is cold resistant. (rC+)
                  | [demonic ancestry]
   422 | D:1      | Reached XP level 2. HP: 18/22 MP: 2/2
  1163 | D:2      | Found a glowing silver altar of Zin.
  1163 | D:2      | Noticed an angel
  1175 | D:2      | Found a shimmering altar of Xom.
  1199 | D:2      | Reached skill level 1 in Short Blades
  1265 | D:2      | Found a bloodstained altar of Trog.
  1271 | D:2      | Became a worshipper of Trog the Wrathful
  1383 | D:2      | Reached XP level 3. HP: 27/27 MP: 3/3
  1384 | D:2      | Found a sparkling altar of Nemelex Xobeh.
  1731 | D:2      | Reached skill level 1 in Armour
  2715 | D:3      | Gained mutation: You are immune to rotting. [demonic
                  | ancestry]
  2715 | D:3      | Reached XP level 4. HP: 32/33 MP: 4/4
  2720 | D:3      | Reached * piety under Trog
  2780 | D:3      | Slain by an orc

Levels and vault maps discovered:
D:1:      dpeg_chamrin_arrival_tetris, layout_loops_ring
D:2:      layout_loops_ring, grunt_temple_overflow_order_and_chaos_1,
          old_standard_altar, bloody_trog, first_ration
D:3:      gammafunk_steamed_eel, layout_rooms, uniq_grinder

Skill      XL: |  1  2  3  4 |
---------------+-------------+-----
Throwing       | 4 |  4.1
Short Blades   | 1 |  1.0
Armour         | 1 2 |  2.0
Dodging        | 2 |  2.4
Fighting       | |  2.4
Axes           | |  0.5
Stealth        | |  0.9

Action                   |  1- 3 |  4- 6 || total
-------------------------+-------+-------++-------
Melee: Short sword       |   186 |       ||   186
       Hand axe          |     8 |    23 ||    31
Throw: Javelin           |     9 |       ||     9
Invok: Berserk           |       |     1 ||     1
  Eat: Chunk             |     8 |     8 ||    16
Armor: Leather armour    |     9 |       ||     9
       Ring mail         |    73 |     6 ||    79
Dodge: Dodged            |   115 |    23 ||   138

Table legend:
 A = Non-vault XP
 B = Vault XP
 C = Vault XP percentage of total XP
 D = Non-vault monster count
 E = Vault monster count
 F = Vault count percentage of total count
                 A         B        C        D         E       F
            +---------+---------+-------+---------+---------+-------
      Total |     158 |       0 |   0.0 |      48 |       0 |   0.0
            +---------+---------+-------+---------+---------+-------
        D:1 |      26 |       0 |   0.0 |      16 |       0 |   0.0
        D:2 |      66 |       0 |   0.0 |      19 |       0 |   0.0
        D:3 |      66 |       0 |   0.0 |      13 |       0 |   0.0
            +---------+---------+-------+---------+---------+-------
